 Dungeon Crawl Stone Soup version 0.29-a0-214-g17f627cfee (console) character file.

Game seed: 8489761793280965323

352 jejorda2 the Bolt Thrower (level 6, -2/52 HPs)
             Began as a Minotaur Hunter on Feb 24, 2022.
             Slain by a gnoll
             ... wielding a +0 spear
              (3 damage)
             ... on level 4 of the Dungeon.
             The game lasted 00:04:04 (2422 turns).

jejorda2 the Bolt Thrower (Minotaur Hunter)         Turns: 2422, Time: 00:04:05

Health: -2/52      AC:  3    Str: 16    XL:     6   Next: 34%
Magic:  5/5        EV: 12    Int:  8    God:
Gold:   94         SH:  0    Dex: 13    Spells: 5/5 levels left

rFire   . . .      SeeInvis .   a - +1 hand crossbow
rCold   . . .      Faith    .   (no shield)
rNeg    . . .      Spirit   .   b - +0 leather armour
rPois   .          Reflect  .   (helmet restricted)
rElec   +          Harm     .   (no cloak)
rCorr   +          Rampage  .   (no gloves)
Will    +....                   (no boots)
Stlth   +.........              (no amulet)
HPRegen 0.17/turn               m - ring "Ryeval" {rElec Will+ rCorr Stlth-}
MPRegen 0.09/turn               (no ring)

@: no status effects
A: horns 2, retaliatory headbutt
a: no special abilities


You were on level 4 of the Dungeon.
You visited 1 branch of the dungeon, and saw 4 of its levels.

You collected 94 gold pieces.

Inventory:

Hand Weapons
 a - a +1 hand crossbow (weapon)
Armour
 b - a +0 leather armour (worn)
Jewellery
 m - the ring "Ryeval" (left hand) {rElec Will+ rCorr Stlth-}
   (You found it on level 4 of the Dungeon)

   [ring of willpower]

   rElec:     It insulates you from electricity.
   rCorr:     It protects you from acid and corrosion.
   Will:      It increases your willpower.
   Stlth:     It makes you less stealthy.
Scrolls
 d - a scroll of teleportation {unknown}
 e - a scroll of enchant armour {unknown}
 f - 8 scrolls of identify {unknown}
 i - a scroll of vulnerability {unknown}
 j - a scroll of holy word {unknown}
 k - a scroll of magic mapping {unknown}
Potions
 c - 3 potions of curing {unknown}
 g - 2 potions of flight {unknown}
 h - a potion of attraction {unknown}
 l - a potion of resistance {unknown}


   Skills:
 + Level 4.1 Fighting
 * Level 6.3 Crossbows
 + Level 3.8 Dodging
 + Level 2.5 Stealth


You had 5 spell levels left.
You didn't know any spells.
Your spell library contained the following spells:

 Spells                   Type           Power      Damage    Failure   Level
 Animate Skeleton         Necr           0%         N/A       47%         1
 Pain                     Necr           0%         1d4       47%         1
 Vampiric Draining        Necr           0%         2d6       85%         3


Dungeon Overview and Level Annotations

Branches:
Dungeon (4/15)
 Temple: D:4-7

Altars:
Cheibriados


Innate Abilities, Weirdness & Mutations

You have a pair of horns on your head.
You reflexively headbutt those who attack you in melee.


Message History

The bolt hits the gnoll but does no damage.
The gnoll is severely wounded.
The gnoll hits you from afar with a +0 spear.
Shoot: a) +1 hand crossbow
Press: ? - help, Q - select action Shift-Dir - straight line, f/p - gnoll
Aim: a gnoll, wielding a +0 spear (severely wounded, 69% to hit)
You shoot a bolt. The bolt barely misses the gnoll.
The bolt hits the gnoll but does no damage.
The gnoll barely misses you. x2
Shoot: a) +1 hand crossbow
Press: ? - help, Q - select action Shift-Dir - straight line, f/p - gnoll
Aim: a gnoll, wielding a +0 spear (severely wounded, 69% to hit)
You shoot a bolt.
The bolt hits the gnoll but does no damage.
The gnoll is severely wounded.
The gnoll hits you from afar with a +0 spear.
* * * LOW HITPOINT WARNING * * *
Shoot: a) +1 hand crossbow
Press: ? - help, Q - select action Shift-Dir - straight line, f/p - gnoll
Aim: a gnoll, wielding a +0 spear (severely wounded, 69% to hit)
You shoot a bolt. The bolt hits the gnoll.
The gnoll is severely wounded.
The gnoll closely misses you.
Shoot: a) +1 hand crossbow
Press: ? - help, Q - select action Shift-Dir - straight line, f/p - gnoll
Aim: a gnoll, wielding a +0 spear (severely wounded, 69% to hit)
You shoot a bolt. The bolt barely misses the gnoll.
The bolt hits the gnoll but does no damage.
The gnoll hits you from afar with a +0 spear!
* * * LOW HITPOINT WARNING * * *
Unknown command.
Unknown command.
Shoot: a) +1 hand crossbow
Press: ? - help, Q - select action Shift-Dir - straight line, f/p - gnoll
Aim: a gnoll, wielding a +0 spear (severely wounded, 69% to hit)
You shoot a bolt. The bolt barely misses the gnoll.
The gnoll hits you from afar with a +0 spear.
* * * LOW HITPOINT WARNING * * *
The gnoll hits you from afar with a +0 spear.
You die...

#.# #............# # #.# ......#
#............# # #.#
#......###............#
###.######.....................#
.........#......###............#
...#####.#.....................#
...# #.#.....####............#
...#####†#.....####............#
.........'.....+@.gg.....>.....#
.....)...#.....#)##)...........#
...####.##.....#.##............#
...+ #+ ####....##............#
...# ........####...g.########
##..# ........# #.....)...... #
..# ........# #............ . .#
........# #............ .
....)...# #..$.........


You could see 2 gnolls.

Vanquished Creatures
  2 necrophages (D:4)
  A scorpion (D:3)
  2 gnolls (D:4)
  2 adders
  2 worms
  4 dart slugs
  4 orcs
  6 bats
  4 endoplasms
  5 giant cockroaches
  9 goblins
  6 hobgoblins
  2 jackals (D:1)
  2 quokkas (D:1)
  8 ball pythons
  3 frilled lizards
  3 kobolds
65 creatures vanquished.

Notes
Turn   | Place    | Note
-------+----------+-------------------------------------------
     0 | D:1      | jejorda2 the Minotaur Hunter began the quest for the Orb.
     0 | D:1      | Reached XP level 1. HP: 18/18 MP: 0/0
    19 | D:1      | Found a faded altar of an unknown god.
    36 | D:1      | Reached skill level 1 in Stealth
   142 | D:1      | Reached XP level 2. HP: 25/25 MP: 1/1
   383 | D:1      | Reached XP level 3. HP: 30/30 MP: 2/2
   893 | D:2      | Reached skill level 5 in Crossbows
  1206 | D:3      | Noticed a scorpion
  1212 | D:3      | Killed a scorpion
  1213 | D:3      | Reached XP level 4. HP: 30/38 MP: 3/3
  1767 | D:3      | Reached XP level 5. HP: 26/45 MP: 4/4
  2059 | D:3      | Found a snail-covered altar of Cheibriados.
  2198 | D:4      | Noticed a necrophage
  2208 | D:4      | Killed a necrophage
  2209 | D:4      | Reached skill level 6 in Crossbows
  2354 | D:4      | Noticed a necrophage
  2360 | D:4      | Killed a necrophage
  2361 | D:4      | Reached XP level 6. HP: 49/52 MP: 5/5
  2381 | D:4      | Identified the ring "Ryeval" {rElec Will+ rCorr Stlth-}
  2422 | D:4      | HP: 1/52 [gnoll/+0 spear (6)]
  2422 | D:4      | Slain by a gnoll

Illustrated notes

Levels and vault maps discovered:
D:1:      amcnicky_arrival_single_pillar, layout_basic,
          chequers_ecumenical_altar_island
D:2:      layout_basic
D:3:      layout_rooms, kennysheep_slug_shrine
D:4:      layout_basic

Skill      XL: |  1  2  3  4  5 |
---------------+----------------+-----
Stealth        | 1 2 |  2.5
Fighting       | 3 4 |  4.1
Crossbows      | 5 6 |  6.3
Dodging        | 3 |  3.8

Action                   |  1- 3 |  4- 6 || total
-------------------------+-------+-------++-------
 Fire: Hand crossbow     |   103 |   103 ||   206
Armor: Leather armour    |     4 |     4 ||     8
Dodge: Dodged            |    27 |    32 ||    59

Table legend: (Time is in decaauts)
 A = Elapsed time spent in this place.
 B = Non-inter-level travel time spent in this place.
 C = Inter-level travel time spent in this place.
 D = Time resting spent in this place.
 E = Time spent auto-exploring this place.
 F = Levels seen in this place.
 G = Mean time per level.
                   A        B        C        D        E       F      G
               +--------+--------+--------+--------+--------+-----+--------+
         Total |   2481 |   2341 |    140 |      0 |   1952 |   4 |  620.2 |
       Dungeon |   2481 |   2341 |    140 |      0 |   1952 |   4 |  620.2 |
               +--------+--------+--------+--------+--------+-----+--------+

Top non-repeatable levels by time:
     D:2: 957 daAuts
     D:3: 726 daAuts
     D:1: 542 daAuts
     D:4: 254 daAuts
